 Dungeon Crawl Stone Soup version 0.21.1-1-g345015f (webtiles) character file.

2737 batai666 the Digger (level 9, -21/52 HPs)
             Began as a Gargoyle Earth Elementalist on Feb 14, 2018.
             Was a Believer of Vehumet.
             Blown up by an orb spider (52 damage)
             ... with an orb of destruction
             ... on level 7 of the Dungeon.
             The game lasted 00:58:23 (11765 turns).

batai666 the Digger (Gargoyle Earth Elementalist)  Turns: 11765, Time: 00:58:23

Health: -21/52     AC: 14    Str: 11    XL:     9   Next: 67%
Magic:  9/17       EV: 13    Int: 20    God:    Vehumet [**....]
Gold:   85         SH:  4    Dex: 10    Spells: 9/18 levels left

rFire    + . .     SeeInvis .   j - +0 mace (crush)
rCold    x . .     Gourm    .   (no shield)
rNeg     + . .     Faith    .   c - +1 robe
rPois    ∞         Spirit   .   (no helmet)
rElec    +         Reflect  .   (no cloak)
rCorr    .         Harm     +   D - +0 pair of gloves
MR       .....     Rnd*Rage +   (no boots)
Stlth    ++........             t - amulet of harm
HPRegen  0.17/turn              k - ring of fire
MPRegen  0.15/turn              n - +4 ring of protection

@: about to teleport, berserk cooldown, slowed, very slow
A: large bone plates 1, berserk 1, mutation resistance 1, negative energy
resistance 1, electricity resistance, unbreathing, petrification resistance, rot
immunity, AC +6
a: Renounce Religion


You were on level 7 of the Dungeon.
You worshipped Vehumet.
Vehumet was pleased with you.
You were not hungry.

You visited 2 branches of the dungeon, and saw 8 of its levels.

You collected 241 gold pieces.
You spent 156 gold pieces at shops.

Inventory:

Hand Weapons
 i - a +1 dire flail of pain
 j - a +0 mace of crushing (weapon)
 u - a +0 flail
 w - a +2 dagger of holy wrath
 x - a +0 mace
Missiles
 b - 69 stones (quivered)
Armour
 c - a +1 robe (worn)
 g - a +0 scale mail
 D - a +0 pair of gloves (worn)
Jewellery
 k - a ring of fire (left hand)
 l - an uncursed amulet of magic regeneration
 n - a +4 ring of protection (right hand)
 t - an amulet of harm (around neck)
 C - a +2 amulet of reflection {unknown}
Wands
 y - a wand of polymorph (5)
Scrolls
 h - 2 scrolls of enchant armour
 m - 3 scrolls of magic mapping
 p - 3 scrolls of enchant weapon
 q - 3 scrolls of remove curse
 r - a scroll of blinking {unknown}
 s - a scroll of fog
 z - a scroll of immolation
 E - a scroll of fear {unknown}
Potions
 a - a potion of cancellation
 f - 2 potions of brilliance
 o - a potion of resistance
 v - a potion of heal wounds {unknown}
 F - a potion of haste
Books
 e - a book of Geomancy

   Spells                             Type                      Level
   a - Sandblast                      Earth                        1
   b - Passwall                       Transmutation/Earth          2
   c - Stone Arrow                    Conjuration/Earth            3
   d - Petrify                        Transmutation/Earth          4
   e - Lee's Rapid Deconstruction     Earth                        5
Comestibles
 d - 4 rations
 A - a chunk of flesh


   Skills:
 + Level 4.2 Fighting
 + Level 3.9 Maces & Flails
 + Level 4.3 Armour
 + Level 3.6 Dodging
 - Level 2.2 Stealth
 + Level 5.4 Spellcasting
 + Level 5.7 Conjurations
   Level 0.7 Transmutations
 + Level 7.9 Earth Magic
 + Level 1.4 Evocations


You had 9 spell levels left.
You knew the following spells:

 Your Spells              Type           Power        Failure   Level  Hunger
a - Sandblast             Erth           #####.       1%          1    None
b - Stone Arrow           Conj/Erth      ####..       1%          3    ##.....
c - Lee's Rapid Deconstr  Erth           #####.....   12%         5    #####..


Dungeon Overview and Level Annotations

Branches:
Dungeon (7/15)             Temple (1/1) D:4

Altars:
Cheibriados
Dithmenos
Elyvilon
Fedhas
Gozag
Hepliaklqana
Kikubaaqudgha
Qazlal
Vehumet
Xom

Shops:
D:4 *   D:5 *


Innate Abilities, Weirdness & Mutations

You are resistant to torment.
Your stone body is resilient. (AC +6)
You are immune to poison.
You resist negative energy. (rN+)
You are resistant to electric shocks. (rElec)
You can survive without breathing.
You are immune to petrification.
You are immune to rotting.
You are partially covered in large bone plates. (SH +4)
You tend to lose your temper in combat.
You are somewhat resistant to further mutation.


Message History

An orb of destruction comes into view.
You block the jelly's attack.
The orb spider spins a strand of pure energy.
The jelly misses you.
Okay, then.
Casting: Stone Arrow
Confirm with . or Enter, or press ? or * to list all spells.
Aiming: Stone Arrow
Press: ? - help, Shift-Dir - straight line, f/p - orb spider
Aim: an orb spider (magical condensation, heavily wounded, fully charged)
The stone arrow misses the orb spider.
The orb of destruction hits a rock wall.
The jelly completely misses you.
The orb spider weaves a glowing orb of energy.
The jelly closely misses you.
An orb of destruction comes into view.
As you read the scroll of teleportation, it crumbles to dust.
You feel strangely unstable. The orb of destruction hits you!
Ouch! That really hurt!
You die...

#.....########.........
#......................
#.<....................
###...[......#########
#..........#
#...s......#
#...§......#
#+#####...§........
........J@####+####
......?...# .........§#
)...!.(...# ...........
......(....#
...........#
##########.#


You could see an orb spider and a jelly.

Vanquished Creatures
  Prince Ribbit (D:6)
  Sigmund (D:4)
  A hungry ghost (D:7)
  Eustachio (D:5)
  3 ice beasts
  2 sky beasts (D:6)
  An orc warrior (D:5)
  2 phantoms
  An ogre (D:6)
  A centaur (D:6)
  A bullfrog (D:6)
  Blork the orc (D:5)
  A scorpion (D:6)
  A crimson imp (D:6)
  A centaur zombie (D:6)
  8 orc wizards
  3 iguanas
  4 orc priests
  A gnoll shaman (Temple)
  4 hounds
  2 bullfrog skeletons
  Natasha (D:3)
  A worker ant (D:5)
  2 hound zombies (D:5)
  A worker ant zombie (D:5)
  8 gnolls
  6 adders
  6 dart slugs
  7 leopard geckos
  34 orcs
  2 ball pythons
  8 bats
  A giant cockroach (D:2)
  11 hobgoblins
  9 jackals
  3 quokkas
  11 frilled lizards
  7 goblins
  10 kobolds
  A leopard gecko zombie (D:2)
  7 rats
177 creatures vanquished.

Vanquished Creatures (others)
  An orc wizard (D:4)
  2 plants (D:6)
3 creatures vanquished.

Grand Total: 180 creatures vanquished

Notes
Turn   | Place    | Note
-------+----------+-------------------------------------------
     0 | D:1      | batai666 the Gargoyle Earth Elementalist began the quest for the Orb.
     0 | D:1      | Reached XP level 1. HP: 10/10 MP: 3/3
    42 | D:1      | Reached skill level 4 in Earth Magic
   428 | D:1      | Reached XP level 2. HP: 13/15 MP: 3/5
  1173 | D:1      | Reached XP level 3. HP: 19/19 MP: 6/6
  1178 | D:1      | Learned a level 3 spell: Stone Arrow
  2517 | D:2      | Reached skill level 1 in Conjurations
  3001 | D:3      | Reached XP level 4. HP: 7/24 MP: 5/8
  3524 | D:3      | Reached skill level 5 in Earth Magic
  3916 | D:3      | Reached XP level 5. HP: 18/28 MP: 6/9
  4236 | D:3      | Learned a level 5 spell: Lee's Rapid Deconstruction
  4914 | D:4      | Gained mutation: You are partially covered in large bone plates. (SH +4) [potion of mutation]
  4914 | D:4      | Gained mutation: You tend to lose your temper in combat. [potion of mutation]
  4914 | D:4      | Gained mutation: You are somewhat resistant to further mutation. [potion of mutation]
  4959 | D:4      | Found a snail-covered altar of Cheibriados.
  4971 | D:4      | Found a shadowy altar of Dithmenos.
  4971 | D:4      | Noticed a phantom
  4982 | D:4      | Reached XP level 6. HP: 24/32 MP: 9/11
  4999 | D:4      | Killed a phantom
  4999 | D:4      | Reached skill level 6 in Earth Magic
  5332 | D:4      | Found a stormy altar of Qazlal.
  5378 | D:4      | Found a staircase to the Ecumenical Temple.
  5387 | Temple   | Entered the Ecumenical Temple
  5407 | Temple   | Became a worshipper of Vehumet
  5780 | D:4      | Reached XP level 7. HP: 34/37 MP: 0/12
  6158 | D:4      | Found Cyptu's General Store.
  6166 | D:4      | Bought 2 scrolls of remove curse for 60 gold pieces
  6194 | D:4      | Noticed Sigmund
  6211 | D:4      | Reached skill level 1 in Armour
  6402 | D:4      | Reached skill level 1 in Fighting
  6402 | D:4      | Reached skill level 1 in Maces & Flails
  6627 | D:4      | Noticed Natasha
  6640 | D:3      | Killed Natasha
  6828 | D:4      | Killed Sigmund
  6828 | D:4      | Reached * piety under Vehumet
  6828 | D:4      | Offered knowledge of Shock by Vehumet.
  8246 | D:4      | Reached XP level 8. HP: 27/44 MP: 1/14
  8439 | D:5      | Entered Level 5 of the Dungeon
  8562 | D:5      | Found Kyzonoi's Assorted Antiques.
  8575 | D:5      | Bought 2 scrolls of identify for 96 gold pieces
  8709 | D:5      | Noticed Blork the orc
  8994 | D:5      | Killed Blork the orc
  8998 | D:5      | Noticed Eustachio
  9091 | D:5      | Killed Eustachio
  9206 | D:5      | Reached skill level 7 in Earth Magic
  9667 | D:5      | Found a hazy altar of Hepliaklqana.
 10353 | D:6      | Reached skill level 5 in Conjurations
 10379 | D:6      | Reached skill level 5 in Spellcasting
 10380 | D:6      | Noticed Prince Ribbit
 10381 | D:6      | Reached XP level 9. HP: 38/51 MP: 7/16
 10942 | D:6      | Reached ** piety under Vehumet
 10942 | D:6      | Offered knowledge of Searing Ray by Vehumet.
 11116 | D:6      | Killed Prince Ribbit
 11116 | D:6      | Reached skill level 1 in Evocations
 11454 | D:6      | Found an ancient bone altar of Kikubaaqudgha.
 11454 | D:6      | Found a white marble altar of Elyvilon.
 11757 | D:7      | Noticed an orb spider
 11765 | D:7      | Blown up by an orb spider

Skill      XL: |  1  2  3  4  5  6  7  8  9 |
---------------+----------------------------+-----
Earth Magic    | 4 5 6 7 |  7.9
Conjurations   | 1 2 3 4 5 |  5.7
Spellcasting   | 3 4 5 |  5.4
Armour         | 2 3 4 |  4.3
Fighting       | 1 3 4 |  4.2
Maces & Flails | 1 3 |  3.9
Dodging        | 2 3 |  3.6
Evocations     | 1 |  1.4
Stealth        | |  2.2
Transmutations | |  0.7

Action                   |  1- 3 |  4- 6 |  7- 9 || total
-------------------------+-------+-------+-------++-------
Melee: Club              |    11 |       |       ||    11
       Unarmed           |    10 |       |       ||    10
       Whip              |   108 |    44 |       ||   152
       Flail             |       |    21 |     8 ||    29
       Mace              |       |    47 |   215 ||   262
 Cast: Sandblast         |    33 |    53 |    64 ||   150
       Stone Arrow       |       |     5 |    52 ||    57
       Lee's Rapid Decon |       |       |     6 ||     6
Evoke: Wand              |       |       |     1 ||     1
  Use: Scroll            |     2 |     5 |    11 ||    18
       Potion            |     1 |     2 |     1 ||     4
 Stab: Sleeping          |     1 |     1 |       ||     2
  Eat: Chunk             |     3 |     4 |     6 ||    13
       Ration            |     1 |     2 |     6 ||     9
Armor: Robe              |    75 |    52 |   146 ||   273
Dodge: Dodged            |   150 |   117 |   189 ||   456
Block: Other             |       |    13 |    78 ||    91
